 Dungeon Crawl Stone Soup version 0.25-a0-435-g4b9beb1024 (webtiles) character file.

Game seed: 2596581235478524206, levelgen mode: deterministic

411 Nattfarinn the Charmwright (level 6, -3/63 HPs)
             Began as an Ogre Skald on Jan 26, 2020.
             Killed from afar by an orc wizard (12 damage)
             ... with a puff of frost
             ... on level 4 of the Dungeon.
             The game lasted 00:07:06 (4104 turns).

Nattfarinn the Charmwright (Ogre Skald)             Turns: 4104, Time: 00:07:08

Health: -3/63      AC:  3    Str: 16    XL:     6   Next: 90%
Magic:  6/11       EV: 10    Int: 16    God:
Gold:   135        SH:  0    Dex:  8    Spells: 8/12 levels left

rFire    + . .     SeeInvis .   r - +0 morningstar
rCold    . . .     Gourm    +   (no shield)
rNeg     . . .     Faith    .   b - +0 robe
rPois    .         Spirit   .   (helmet restricted)
rElec    .         Reflect  .   (no cloak)
rCorr    .         Harm     .   (gloves unavailable)
MR       .....                  (boots unavailable)
Stlth    +.........             c - amulet of the gourmand
HPRegen  0.20/turn              k - ring of protection from fire
MPRegen  0.12/turn              (no ring)

@: very slightly contaminated
A: large, unfitting armour, tough skin 1
a: no special abilities


You were on level 4 of the Dungeon.
You were completely stuffed.

You visited 1 branch of the dungeon, and saw 4 of its levels.

You collected 135 gold pieces.

Inventory:

Hand Weapons
 a - a +0 mace
 q - a cursed +0 giant spiked club
 r - a +0 morningstar (weapon)
Armour
 b - a +0 robe (worn)
Jewellery
 c - an amulet of the gourmand (around neck)
 k - a ring of protection from fire (left hand)
 l - an uncursed amulet of magic regeneration {unknown}
Scrolls
 f - 3 scrolls of amnesia {unknown}
 i - 5 scrolls of remove curse {unknown}
 j - 2 scrolls of identify {unknown}
 n - a scroll of enchant weapon {unknown}
 o - a scroll of noise {unknown}
Potions
 e - 2 potions of brilliance {unknown}
 g - a potion of agility {unknown}
 h - a potion of degeneration {unknown}
 m - a potion of mutation {unknown}
Comestibles
 d - 5 rations
 p - a chunk of flesh


   Skills:
 + Level 4.5 Fighting
 + Level 3.0 Maces & Flails
 + Level 3.3 Dodging
 + Level 3.8 Spellcasting
 * Level 4.5 Charms


You had 8 spell levels left.
You knew the following spells:

 Your Spells              Type           Power        Failure   Level  Hunger
a - Infusion              Chrm           ###.         2%          1    None
b - Spectral Weapon       Hex/Chrm       ##......     21%         3    ###....

Your spell library contained the following spells:

 Spells                   Type           Power        Failure   Level  Hunger
 Song of Slaying          Chrm           ###.....     4%          2    ##.....
 Shroud of Golubria       Chrm/Tloc      ##....       11%         2    ##.....
 Ozocubu's Armour         Chrm/Ice       ##......     21%         3    ###....


Dungeon Overview and Level Annotations

Branches:
Dungeon (4/15)             Temple (0/1) D:4

Altars:
Gozag


Innate Abilities, Weirdness & Mutations

You are too large for most types of armour.
You have tough skin. (AC +1)


Message History

The orc wizard hits you but does no damage.
You hit the orc wizard but do no damage.
The orc wizard is almost dead.
Your spectral weapon fades away.
The orc wizard casts a spell at you. The puff of frost misses you.
The orc wizard hits you with a +0 dagger.
* * * LOW HITPOINT WARNING * * *
You barely miss the orc wizard.
The orc wizard is almost dead.
The orc wizard barely misses you.
The orc wizard hits you with a +0 dagger.
* * * LOW HITPOINT WARNING * * *
You closely miss the orc wizard.
The orc wizard is almost dead.
The orc wizard hits you with a +0 dagger.
* * * LOW HITPOINT WARNING * * *
The orc wizard gestures at you while chanting.
The puff of frost hits you!
You die...

#.##....#
#..........
#....#
##...>.....
#....#
#.........
#...####
#.........
#...# (!##
##........
#...# .#.#
###.......
##...# ...
..# ####....
#....##.#..?#
####.
#.....@o$.#
..
#.....#.#...#
# #.....#...
..#
#.....#.#.# #
#.....#$?##
#......###
#.......
#........


You could see an orc wizard.

Vanquished Creatures
  2 ogres (D:4)
  A hound (D:4)
  An orc priest (D:4)
  A worker ant (D:4)
  An orc wizard (D:4)
  5 gnolls
  An adder (D:4)
  5 dart slugs
  A worm (D:2)
  A leopard gecko (D:4)
  5 orcs (D:4)
  6 giant cockroaches
  7 hobgoblins
  2 jackals (D:2)
  A quokka (D:3)
  A ball python (D:3)
  A bat (D:2)
  5 frilled lizards
  7 goblins
  8 kobolds
  8 rats
70 creatures vanquished.

Vanquished Creatures (others)
  A spectral weapon (D:3)
1 creature vanquished.

Grand Total: 71 creatures vanquished

Notes
Turn   | Place    | Note
-------+----------+-------------------------------------------
     0 | D:1      | Nattfarinn the Ogre Skald began the quest for the Orb.
     0 | D:1      | Reached XP level 1. HP: 22/22 MP: 3/3
   184 | D:1      | Reached XP level 2. HP: 25/29 MP: 5/5
   795 | D:1      | Reached XP level 3. HP: 25/37 MP: 1/7
  2216 | D:2      | Learned a level 3 spell: Spectral Weapon
  2225 | D:2      | Reached XP level 4. HP: 44/45 MP: 2/8
  3229 | D:3      | Found an opulent altar of Gozag.
  3445 | D:4      | Noticed an ogre
  3452 | D:4      | Killed an ogre
  3452 | D:4      | Reached XP level 5. HP: 54/54 MP: 1/10
  3453 | D:4      | Found a staircase to the Ecumenical Temple.
  3567 | D:4      | Reached XP level 6. HP: 46/62 MP: 7/11
  4104 | D:4      | Killed from afar by an orc wizard

Levels and vault maps discovered:
D:1:      tarquinn_simple_flora_water_c, layout_loops_ring, minmay_tripent
D:2:      layout_basic
D:3:      layout_basic, grunt_gozag_breadcrumbs
D:4:      minmay_spotlight, layout_cave_pods, temple_pool_b

Skill      XL: |  1  2  3  4  5  6 |
---------------+-------------------+-----
Charms         | 3 4 |  4.5
Fighting       | 3 4 |  4.5
Maces & Flails | 2 3 |  3.0
Spellcasting   | 3 |  3.8
Dodging        | 3 |  3.3

Action                   |  1- 3 |  4- 6 || total
-------------------------+-------+-------++-------
Melee: Mace              |   146 |    54 ||   200
       Morningstar       |       |    54 ||    54
 Cast: Infusion          |     3 |     1 ||     4
       Spectral Weapon   |     1 |     8 ||     9
  Use: Potion            |       |     3 ||     3
 Stab: Sleeping          |       |     1 ||     1
  Eat: Chunk             |    15 |     7 ||    22
Armor: Robe              |    45 |    24 ||    69
Dodge: Dodged            |    85 |    59 ||   144

Table legend:
 A = Non-vault XP
 B = Vault XP
 C = Vault XP percentage of total XP
 D = Non-vault monster count
 E = Vault monster count
 F = Vault count percentage of total count
                 A         B        C        D         E       F
            +---------+---------+-------+---------+---------+-------
      Total |     500 |      88 |  15.0 |      65 |       5 |   7.1
            +---------+---------+-------+---------+---------+-------
        D:1 |      43 |       4 |   8.5 |      18 |       2 |  10.0
        D:2 |      38 |       0 |   0.0 |      22 |       0 |   0.0
        D:3 |      74 |       0 |   0.0 |      13 |       0 |   0.0
        D:4 |     345 |      84 |  19.6 |      12 |       3 |  20.0
            +---------+---------+-------+---------+---------+-------
